Map: Vaani Research Station (Void)

Players

Emil - Winner!

  • Race: Zerg Zerg
  • League: Diamond
  • Spawn Location: 12:00

Ardenior

  • Race: Zerg Zerg
  • League: Diamond
  • Spawn Location: 6:00

VOD

Have the link to the VOD?

Description

Time

  • Played on: Nov. 28, 2016, 10:01 a.m.
  • Length: 7:09
Show
View Real Time Build Order
Export as new Build Order

Emil Zerg - Winner!

Build Orders: Hatch First 

Get SALT Encoding   

  12  0:06  Drone  
  13  0:14  Drone  
  14  0:21  Overlord  
  14  0:39  Drone  
  14  0:40  Drone x2  
  17  0:57  Hatchery  
  16  1:00  Drone  
  17  1:14  Spawning Pool  
  17  1:15  Extractor  
  17  1:18  Drone  
  16  1:21  Drone  
  17  1:27  Drone  
  18  1:34  Drone  
  19  1:44  Drone  
  20  1:55  Overlord  
  20  2:00  Queen  
  22  2:11  Zergling x4  
  22  2:13  Queen  
  26  2:27  Drone x2  
  28  2:43  Drone x4  
  32  2:47  Extractor  
  31  2:55  Queen  
  31  2:57  Extractor  
  32  2:59  Lair  
  32  3:00  Drone  
  32  3:01  Drone x2  
  35  3:15  Drone  
  35  3:28  Roach Warren  
  34  3:36  Evolution Chamber  
  32  3:41  Spine Crawler  
  31  3:48  Queen  
  31  3:50  Drone x2  
  31  3:51  Spine Crawler  
  31  3:52  Overlord  
  34  4:04  Zerg Missile Weapons Level 1  
  34  4:13  Glial Reconstitution  
  34  4:16  Roach  
  34  4:17  Roach x4  
  44  4:29  Overlord x2  
  44  4:32  Overlord  
  44  4:52  Roach x4  
  52  5:02  Roach  
  52  5:03  Roach  
  56  5:17  Roach  
  56  5:18  Roach x2  
  56  5:20  Overlord  
  62  5:30  Roach  
  62  5:31  Roach  
  66  5:46  Roach  
  66  5:47  Roach x3  
  74  5:58  Queen  
  76  6:06  Overlord x2  
  68  6:27  Ravager  
  68  6:28  Ravager  
  68  6:30  Roach x5  
  71  6:43  Roach x3  
Show
View Real Time Build Order
Export as new Build Order

Ardenior Zerg 

Build Orders: Pool First 

Get SALT Encoding   

  12  0:01  Drone  
  13  0:14  Overlord  
  13  0:20  Drone  
  14  0:33  Drone x2  
  16  0:37  Drone  
  17  0:46  Extractor  
  17  0:49  Spawning Pool  
  15  0:51  Drone  
  16  1:01  Drone  
  17  1:14  Drone  
  18  1:22  Hatchery  
  17  1:35  Queen  
  17  1:38  Zergling x2  
  20  1:48  Metabolic Boost  
  20  1:50  Drone  
  21  1:57  Overlord  
  21  2:06  Drone  
  22  2:14  Queen  
  24  2:20  Drone  
  25  2:24  Drone  
  26  2:31  Drone  
  26  2:32  Baneling Nest  
  26  2:46  Queen  
  26  2:49  Drone x2  
  29  3:00  Overlord  
  29  3:04  Zergling x6  
  32  3:15  Drone x3  
  35  3:34  Drone x5  
  40  3:43  Overlord  
  40  3:50  Zergling x6  
  40  3:52  Hatchery  
  40  3:53  Baneling  
  42  4:07  Lair  
  42  4:08  Drone x6  
  48  4:27  Extractor x2  
  46  4:33  Drone x6  
  46  4:34  Evolution Chamber  
  46  4:35  Roach Warren  
  50  4:53  Drone x2  
  50  4:54  Overlord x3  
  50  4:58  Extractor  
  51  5:07  Zerg Missile Weapons Level 1  
  51  5:14  Overlord x2  
  50  5:15  Roach x5  
  60  5:27  Glial Reconstitution  
  60  5:32  Drone x3  
  60  5:34  Drone x2  
  65  5:35  Drone x2  
  65  5:36  Drone  
  68  5:48  Roach  
  68  5:49  Roach x3  
  75  5:53  Roach  
  75  5:54  Roach x3  
  75  5:57  Ravager, Roach  
  82  6:00  Roach x2  
  88  6:11  Queen  
  88  6:13  Roach  
  88  6:14  Roach x3  
  89  6:19  Roach x2  
  81  6:27  Ravager  
  81  6:28  Roach  
  81  6:29  Roach x2  
  76  6:40  Roach  
  76  6:41  Roach x5  
  76  6:44  Roach  
Tags
 
Add a new tag
Caveats
  • Supply blocks, unpowered buildings, or Contaminate may cause inaccurate times.
  • Supply counts are checked every 10 seconds.